 Dungeon Crawl Stone Soup version 0.20.1-1-g8b1a95d (console) character file.

3002 hilaritas the Carver (level 9, -4/72 HPs)
             Began as a Demigod Fighter on Nov 28, 2017.
             Slain by a slime creature (15 damage)
             ... on level 7 of the Dungeon on Nov 29, 2017.
             The game lasted 00:16:19 (7388 turns).

hilaritas the Carver (Demigod Fighter)              Turns: 7388, Time: 00:16:20

Health: -4/72      AC: 11    Str: 30    XL:     9   Next: 29%
Magic:  0/11       EV:  9    Int: 12    God:
Gold:   371        SH: 11    Dex: 15    Spells: 7/8 levels left

rFire    . . .     SeeInvis .   a - +1 long sword
rCold    . . .     Gourm    .   c - +0 shield
rNeg     . . .     Faith    .   E - +0 plate armour
rPois    .         Spirit   +   k - +0 helmet
rElec    .         Reflect  .   (no cloak)
rCorr    .         Harm     .   o - +2 pair of gloves
MR       .....                  (no boots)
Stlth    ..........             m - amulet of guardian spirit
Regen    0.3/turn               s - +4 ring of evasion
MPRegen  0.2/turn               (no ring)

@: mighty, corroded, drained
A: high mp 1
a: no special abilities


You were on level 7 of the Dungeon.
You were very hungry.

You visited 1 branch of the dungeon, and saw 7 of its levels.
You also visited: Sewer.

You collected 371 gold pieces.

Inventory:

Hand Weapons
 a - a +1 long sword (weapon)
 t - a +0 dagger of venom
 C - a +0 scimitar
Armour
 c - a +0 shield (worn)
 k - a +0 helmet (worn)
 o - a +2 pair of gloves (worn)
 E - a +0 plate armour (worn)
Jewellery
 m - an amulet of guardian spirit (around neck)
 s - a +4 ring of evasion (left hand)
Wands
 u - a wand of confusion (31/48)
 v - a wand of acid (9/15)
 x - a wand of disintegration (3/24)
 y - a wand of paralysis (14/24)
 D - a wand of disintegration (13/24)
 F - a wand of polymorph (10/24)
Scrolls
 e - 5 scrolls of identify
 l - 3 scrolls of teleportation
 w - a scroll of remove curse
 A - a scroll of fog
Potions
 b - a potion of ambrosia {unknown}
 g - a potion of curing
 h - 2 potions of agility
 j - a potion of cancellation {unknown}
 n - 2 potions of mutation
 p - a potion of haste
 q - 6 potions of flight
 z - 2 potions of lignification
 B - a potion of heal wounds
Comestibles
 f - 4 bread rations
 i - 2 meat rations
 r - 5 royal jellies


   Skills:
 + Level 4.6(4.2) Fighting
 * Level 10.3(9.9) Long Blades
 - Level 2.6(2.3) Armour
 + Level 6.1(5.8) Shields


You had 7 spell levels left.
You knew the following spells:

 Your Spells              Type           Power        Failure   Level  Hunger
a - Apportation           Tloc           #.....       100%        1    ##.....


Dungeon Overview and Level Annotations

Branches:
Dungeon (7/15)             Temple (0/1) D:7


Innate Abilities, Weirdness & Mutations

You have an increased reservoir of magic. (+10% MP)


Message History

* * * LOW HITPOINT WARNING * * *
The jelly is almost dead.
You block the jelly's attack.
You slice the jelly!!
You kill the jelly!
Your plate armour prevents you from hitting the slime creature.
The slime creature hits you!
* * * LOW HITPOINT WARNING * * *
The jelly hits the fungus.
The fungus is splashed with acid.
The acid corrodes the fungus!
Something hits the fungus.
The fungus is splashed with acid.
You hit the slime creature.
The slime creature is lightly wounded.
You block the slime creature's attack.
The jelly hits the fungus.
The fungus is splashed with acid.
The acid corrodes the fungus!
You slash the slime creature!
The slime creature is moderately wounded.
Something hits the fungus.
The fungus is splashed with acid.
The acid corrodes the fungus!
The slime creature hits you!
You die...

#....######'''###.)# ##.#...#
##...####)# #
#.###.###.....###)##### #
#.....##.......##)#...##### #
########.......##.#.......####
#.......##(........'...
#.......####.......####
####....# #.......# #
##..'....# #.......# #
#(######## #...#####
##...).@## #...# *#######J#*
#...# *..JP.J.PJ# #...#
*.P..JP÷J.# #...# *...J.....#
##### *..÷÷.....# *÷..P.÷...#
*$....P÷P.# *##########


You could see a slime creature, a jelly and an ooze.

Vanquished Creatures
  The ghost of Turgon the Cleaver, a novice DDFi (D:7)
  A slime creature (D:7)
  A water moccasin (D:6)
  An orc warrior (D:7)
  2 phantoms
  A centaur (D:4)
  2 ogres
  A bullfrog (D:7)
  5 big kobolds
  A water moccasin skeleton (D:6)
  3 killer bees (D:7)
  A howler monkey (D:7)
  7 wights
  A crimson imp (D:7)
  A centaur zombie (D:7)
  3 hounds
  6 jellies
  3 orc wizards (D:4)
  A centaur skeleton (D:7)
  Ijyb (D:5)
  An iguana (D:7)
  3 worker ants
  A worker ant zombie (D:6)
  6 adders
  A river rat (Sewer)
  A shadow imp (D:7)
  An ooze (D:1)
  2 adder zombies
  An adder skeleton (D:4)
  4 worms
  2 dart slugs
  8 leopard geckos
  11 orcs
  A ball python (D:7)
  12 giant cockroaches
  5 goblins
  6 hobgoblins
  21 jackals
  4 quokkas
  6 bats
  11 frilled lizards
  A giant cockroach zombie (D:6)
  16 kobolds
  A leopard gecko skeleton (D:7)
  A quokka skeleton (D:5)
  7 rats
177 creatures vanquished.

Vanquished Creatures (others)
  An orc priest (D:5)
  A dart slug (D:5)
  A giant cockroach (D:5)
  3 fungi (D:7)
  5 toadstools (D:7)
11 creatures vanquished.

Grand Total: 188 creatures vanquished

Notes
Turn   | Place    | Note
-------+----------+-------------------------------------------
     0 | D:1      | hilaritas the Demigod Fighter began the quest for the Orb.
     0 | D:1      | Reached XP level 1. HP: 18/18 MP: 3/3
   195 | D:1      | Reached skill level 2 in Long Blades
   272 | D:1      | Reached XP level 2. HP: 24/25 MP: 4/4
   903 | D:2      | Reached XP level 3. HP: 23/30 MP: 5/5
  1032 | D:2      | Found a blossoming altar of Fedhas.
  1267 | D:2      | Reached skill level 3 in Long Blades
  1655 | D:2      | Reached XP level 4. HP: 16/38 MP: 6/6
  2284 | D:2      | Found a stormy altar of Qazlal.
  2928 | D:4      | Found a shadowy altar of Dithmenos.
  2931 | D:4      | Noticed a centaur
  2945 | D:4      | Killed a centaur
  2945 | D:4      | Reached skill level 4 in Long Blades
  2945 | D:4      | Reached XP level 5. HP: 38/45 MP: 7/7
  3117 | D:4      | Noticed an ogre
  3121 | D:4      | Killed an ogre
  3121 | D:4      | Reached skill level 5 in Long Blades
  3121 | D:4      | Reached XP level 6. HP: 28/51 MP: 5/8
  3643 | D:5      | Entered Level 5 of the Dungeon
  3694 | D:5      | Learned a level 1 spell: Apportation
  4224 | D:5      | Reached skill level 6 in Long Blades
  4354 | D:5      | Noticed Ijyb
  4373 | D:5      | Killed Ijyb
  4373 | D:5      | Reached XP level 7. HP: 28/57 MP: 3/9
  4727 | D:5      | Found a shimmering altar of Xom.
  4870 | D:6      | Found a glowing drain.
  4895 | Sewer    | Entered a sewer
  5038 | Sewer    | Found a white marble altar of Elyvilon.
  5275 | D:6      | Found a stormy altar of Qazlal.
  5394 | D:6      | Reached skill level 7 in Long Blades
  5816 | D:6      | Reached skill level 5 in Shields
  5818 | D:6      | Reached XP level 8. HP: 53/66 MP: 8/10
  5954 | D:7      | Reached skill level 8 in Long Blades
  6359 | D:7      | Noticed Turgon's ghost (novice DDFi)
  6376 | D:7      | HP: 1/99 [Turgon's ghost (10)]
  6379 | D:7      | Killed Turgon's ghost
  6379 | D:7      | Reached skill level 9 in Long Blades
  6686 | D:7      | Found a staircase to the Ecumenical Temple.
  6738 | D:7      | Found a hazy altar of Hepliaklqana.
  7051 | D:7      | Reached XP level 9. HP: 72/72 MP: 11/11
  7095 | D:7      | HP: 2/72 [wight/hand axe (3)]
  7114 | D:7      | Reached skill level 10 in Long Blades
  7388 | D:7      | Slain by a slime creature

Skill      XL: |  1  2  3  4  5  6  7  8  9 |
---------------+----------------------------+-----
Long Blades    | 2 3 4 5 6 7 9 10 | 10.3
Shields        | 3 4 5 6 |  6.1
Fighting       | 3 4 |  4.6
Armour         | |  2.6

Action                   |  1- 3 |  4- 6 |  7- 9 || total
-------------------------+-------+-------+-------++-------
Melee: Long sword        |   158 |   272 |   387 ||   817
       Unarmed           |       |       |    24 ||    24
  Use: Scroll            |       |    10 |     3 ||    13
       Potion            |       |       |     8 ||     8
  Eat: Chunk             |     3 |     8 |    10 ||    21
Armor: Scale mail        |    86 |    29 |       ||   115
       Chain mail        |       |    74 |    92 ||   166
       Plate armour      |       |       |    36 ||    36
       Skin              |       |       |     7 ||     7
Dodge: Dodged            |    35 |    54 |   114 ||   203
Block: Shield            |    83 |   118 |   191 ||   392
       Rpst.: Long sword |    13 |    18 |    33 ||    64
